 Dungeon Crawl Stone Soup version 0.30-a0-779-g7971cf19c3 (webtiles) character file.

Game seed: 10344649937335226305

185683 Flugslaktarn the Severer (level 17, 0/163 HPs)
             Began as a Minotaur Fighter on Feb 17, 2023.
             Was a High Priest of Okawaru.
             Slain by a naga warrior
             ... wielding a +0 hand axe
              (13 damage)
             ... on level 4 of the Snake Pit.
             The game lasted 00:16:55 (22061 turns).

Flugslaktarn the Severer (Minotaur Fighter)        Turns: 22061, Time: 00:16:56

Health: 0/163      AC: 34    Str: 32 (33) XL:     17   Next: 41%
Magic:  22/28      EV: 10    Int:  1      God:    Okawaru [*****.]
Gold:   960        SH: 16    Dex: 11      Spells: 16/16 levels left

rFire   . . .      SeeInvis .    H - +4 broad axe (vamp)
rCold   . . .      Faith    .    G - +0 kite shield "Gealih" {Regen+ Str-2 Stlth+}
rNeg    . . .      Spirit   .    m - +4 plate armour of the Gardener {+Inv rPois}
rPois   +          Reflect  .    M - +0 hat of Ygoec {rPois rC+}
rElec   +          Harm     .    S - +2 cloak {rPois}
rCorr   .          Rampage  +    i - +0 pair of gloves
Will    +....      NoTele   +    F - +2 pair of boots {rampage} Stlth
                                 (no amulet)
HPRegen 0.00/turn                P - ring of Xopnep {Drain rPois rF++ rC+ Str+6}
MPRegen 0.21/turn                o - ring "Pedda" {rElec MP+9 Str+5}

@: lethally poisoned (0 -> -1), heroic, finesse-ful, weakened, untranslocatable,
sick, unable to read
A: horns 2, retaliatory headbutt, [deterioration 2], [dopey 2], [low MP 2],
[screaming 2], [weak 2], [cold vulnerability 2], [heat vulnerability 2],
[inability to read after injury 2]
}: 1/15 runes: abyssal
a: Renounce Religion, Evoke Invisibility, Heroism, Finesse, Duel


You were on level 4 of the Snake Pit.
You worshipped Okawaru.
Okawaru was extremely pleased with you.
You visited 5 branches of the dungeon, and saw 23 of its levels.
You visited the Abyss 1 time.
You also visited: Bailey and Volcano.

You collected 2165 gold pieces.
You spent 1205 gold pieces at shops.

Inventory:

Hand Weapons
 B - the +8 broad axe "Peliosaxi" {spect, *Noise rC+ Str+2 Dex+3}
   (Okawaru gifted it to you on level 2 of the Snake Pit)

   Str:       It affects your strength (+2).
   Dex:       It affects your dexterity (+3).
   rC:        It protects you from cold.
   *Noise:    It may make noises in combat.
 H - a +4 vampiric broad axe (weapon)
   (You took it off an orc warlord in a bailey)
Missiles
 Q - a throwing net (quivered)
Armour
 i - a +0 pair of gloves (worn)
   (You found it on level 2 of the Dungeon)
 m - the +4 plate armour of the Gardener (worn) {+Inv rPois}
   (You found it on level 2 of the Dungeon)

   rPois:     It protects you from poison.
   +Inv:      It lets you turn invisible.
 y - the +2 pair of gloves of Jaodamp {Harm Regen+ Str-5 Int+2}
   (You found it on level 1 of the Lair of Beasts)

   Str:       It affects your strength (-5).
   Int:       It affects your intelligence (+2).
   Regen:     It increases your rate of health regeneration.
   Harm:      It increases damage dealt and taken.
 E - the +2 pair of slick slippers {slick, slippery, EV+5}
   (Okawaru gifted it to you on level 3 of the Abyss)

   Slick:     Its wearer cannot be constricted, engulfed, netted or webbed.
   Slippery:  It slips away from damaging melee attacks, pulling the attacker
   onward.
   EV:        It affects your evasion (+5).
 F - a +2 pair of boots of rampaging (worn)
   (You found it on level 5 of the Lair of Beasts)
 G - the +0 kite shield "Gealih" (worn) {Regen+ Str-2 Stlth+}
   (You found it on level 5 of the Lair of Beasts)

   Str:       It affects your strength (-2).
   Regen:     It increases your rate of health regeneration.
   Stlth:     It makes you more stealthy.
 L - the +0 kite shield "Puig" {rC+++ Str+2 SInv Stlth-}
   (Okawaru gifted it to you on level 10 of the Dungeon)

   Str:       It affects your strength (+2).
   rC:        It renders you almost immune to cold.
   SInv:      It lets you see invisible.
   Stlth:     It makes you less stealthy.
 M - the +0 hat of Ygoec (worn) {rPois rC+}
   (Okawaru gifted it to you on level 1 of the Lair of Beasts)

   rC:        It protects you from cold.
   rPois:     It protects you from poison.
 S - a +2 cloak of poison resistance (worn)
   (Okawaru gifted it to you in a volcano)
 T - a +0 pair of boots of flying
   (You bought it in a shop on level 2 of the Orcish Mines)
Jewellery
 c - a ring of ice
   (You found it on level 11 of the Dungeon)
 o - the ring "Pedda" (right hand) {rElec MP+9 Str+5}
   (You acquired it on level 4 of the Lair of Beasts)

   [ring of magical power]

   Str:       It affects your strength (+5).
   rElec:     It insulates you from electricity.
   MP:        It affects your magic capacity (+9).
 v - a +5 ring of evasion
   (You found it on level 4 of the Dungeon)
 P - the ring of Xopnep (left hand) {Drain rPois rF++ rC+ Str+6}
   (You bought it in a shop on level 2 of the Orcish Mines)

   [ring of strength]

   Str:       It affects your strength (+6).
   rF:        It greatly protects you from fire.
   rC:        It protects you from cold.
   rPois:     It protects you from poison.
   Drain:     It drains your maximum health when unequipped.
Wands
 g - a wand of digging (3)
   (You found it on level 3 of the Dungeon)
 A - a wand of iceblast (28)
   (You found it on level 7 of the Dungeon)
 I - a wand of light (18)
   (You found it on level 8 of the Dungeon)
 O - a wand of mindburst (5)
   (You found it on level 2 of the Lair of Beasts)
Scrolls
 a - 5 scrolls of immolation
 b - a scroll of enchant armour
 f - 4 scrolls of vulnerability
 k - 10 scrolls of fog
 l - 2 scrolls of magic mapping
 r - a scroll of identify
 t - 6 scrolls of teleportation
 x - 4 scrolls of brand weapon
 z - 3 scrolls of blinking
 N - a scroll of fear
Potions
 d - 4 potions of might
 e - 2 potions of brilliance
 h - 5 potions of haste
 j - a potion of berserk rage
 n - 2 potions of resistance
 p - a potion of flight
 q - 6 potions of curing
 s - 5 potions of mutation
 u - 4 potions of attraction
 w - 3 potions of heal wounds
 C - a potion of magic
 D - a potion of ambrosia
 R - a potion of cancellation
Miscellaneous
 K - a piece from Xom's chessboard (15/15)
   (You found it on level 10 of the Dungeon)


   Skills:
 + Level 18.0(23.0) Fighting
 - Level 18.0(23.0) Axes
 + Level 18.0(23.0) Armour
 + Level 18.0(23.0) Shields
 - Level 11.0 Invocations
 - Level 6.0 Evocations


You had 16 spell levels left.
You didn't know any spells.
Your spell library was empty.

Dungeon Overview and Level Annotations

Branches:
Dungeon (11/15)            Temple (1/1) D:4            Lair (5/5) D:9
 Shoals (0/4) Lair:3        Snake (4/4) Lair:3          Orc (2/2) D:11
    Elf (0/3) Orc:2        Bailey (visited)         Volcano (visited)
  Slime: Lair:4-5

Altars:
Ashenzari
Cheibriados
Dithmenos
Elyvilon
Fedhas
Gozag
Hepliaklqana
Kikubaaqudgha
Makhleb
Nemelex Xobeh
Okawaru
Qazlal
Ru
Sif Muna
Trog
Uskayaw
Vehumet
Wu Jian
Xom
Yredelemnul
Zin
The Shining One

Shops:
D:6 [   Orc:2 *[=(   Snake:1 *   Snake:3 (?   Snake:4 :[

Annotations:
Lair:1 exclusion: 2 oklob plants
Lair:3 1 runed translucent door, LowRida's ghost, journeyman VSCj
Lair:4 3 runed translucent doors, exclusion: oklob plant, Dirtsage's ghost, journeyman DsGl; Okey's ghost, journeyman DDFi; Wuzine's ghost, journeyman GrFE


Innate Abilities, Weirdness & Mutations

You have a pair of horns on your head.
You reflexively headbutt those who attack you in melee.
[Your body often deteriorates upon taking damage.]
[You are very dopey. (Int -4)]
[Your magical capacity is very low. (-20% MP)]
[You frequently scream uncontrollably at your foes.]
[You are very weak. (Str -4)]
[You are very vulnerable to cold. (rC--)]
[You are very vulnerable to heat. (rF--)]
[You sometimes lose the ability to read scrolls when taking damage.]


Message History

The nagas go into a battle-frenzy!
You block the salamander's attack. The naga warrior blocks your attack.
The naga warrior is lightly wounded.
The salamander hits you but does no damage.
The naga warrior blocks your attack.
The naga warrior is lightly wounded.
You block the naga's attack. You block the salamander's attack.
The naga warrior blocks your attack.
The naga warrior is lightly wounded.
You block the salamander's attack.
A naga mage comes into view. It is wielding a +0 spear.
You completely miss the naga warrior. You headbutt the naga warrior.
The naga warrior is lightly wounded.
You can read scrolls again.
You slash the naga warrior!
The naga warrior is moderately wounded.
You block the salamander's attack. The naga barely misses you.
The salamander hits you from afar with a +2 halberd of distortion.
You are engulfed in flames!
You feel threatened and lose the ability to read scrolls!
The naga warrior blocks your attack.
The naga warrior is moderately wounded.
The naga warrior spits poison at you. The splash of poison hits you.
You are poisoned.
You resist. The naga warrior spits poison at you.
You block the splash of poison. You block the salamander's attack.
You hit the naga warrior. You headbutt the naga warrior!
The naga warrior is heavily wounded.
You feel sick.
The naga mage casts a spell.
The naga mage seems to speed up.
You block the naga's attack. The naga warrior blocks your attack.
The naga warrior is heavily wounded.
You feel sick.
The salamander hits you but does no damage.
Space warps horribly around you!
The naga warrior roars a battlecry!
The nagas go into a battle-frenzy!
You slash the naga warrior!
You feel better.
The naga warrior is heavily wounded.
You block the naga warrior's attack. The naga warrior grabs you.
The naga warrior constricts you.
You slash the naga warrior!
You feel better. The naga warrior blocks your attack.
The naga warrior is severely wounded.
You block the naga's attack. The salamander barely misses you.
The naga hits you from afar with a +0 trident!
Your body deteriorates!
You feel weakened.
You barely miss the naga warrior.
The naga warrior is severely wounded.
You feel sick.
The naga warrior roars a battlecry!
The naga warrior constricts you.
You gain the combat prowess of a mighty hero.
You feel sick.
A salamander comes into view. It is wielding a +0 spear.
The salamander tyrant gazes fiercely through you!
You feel your attacks grow feeble. The naga warrior loses its grip on you.
The naga hits you but does no damage. You block the salamander's attack.
Your hands get new energy.
You feel sick. You block the salamander's attack. You block the naga's attack.
The salamander hits you from afar with a +2 halberd of distortion.
You are engulfed in flames!
You block the salamander's attack.
You are too injured to fight recklessly!
You hit the salamander tyrant.
You feel better.
You headbutt the salamander tyrant.
The salamander tyrant is lightly wounded.
You completely miss the naga warrior. The naga warrior blocks your attack.
You headbutt the naga warrior, but do no damage.
The naga warrior is severely wounded.
You slice the naga warrior!!
You feel better.
You hit the salamander tyrant.
You feel sick.
The salamander hits you from afar with a +0 halberd.
You are engulfed in flames!
You block the salamander's attack. The naga warrior spits poison at you.
The splash of poison hits you but does no damage.
You resist.
The naga hits you from afar with a +0 trident!
You slash the salamander tyrant!
The salamander tyrant is moderately wounded.
You slash the naga warrior! x2; You feel better.
You block the salamander tyrant's attack.
You hit the salamander tyrant.
You feel better.
The salamander tyrant is moderately wounded.
You barely miss the naga warrior. You slash the naga warrior!
The salamander hits you but does no damage.
You block the naga's attack.
The salamander hits you from afar with a +2 halberd of distortion!!
* * * LOW HITPOINT WARNING * * *
You are engulfed in flames!
* * * LOW HITPOINT WARNING * * *
Space warps around you.
* * * LOW HITPOINT WARNING * * *
The naga warrior hits you with a +0 hand axe!
You die...

#.....## ......##
#......## .N.....##
#..N.... ##NNNN.# ##
#...N..##..# .
#..N@N.....#
...##...))..#..#
.......#!รท.....#
######..)....<.#
##.####...## #.##
#....#
####..###....##
.......#.[##.....##
....##.......##.).##


You could see 2 naga warriors, a salamander tyrant (strong), 3 salamanders, a
naga mage (fast, strong) and 2 nagas.

Vanquished Creatures
  2 hellephants (Abyss:3)
  2 tentacled starspawn (Abyss:3)
  A draconian monk (Abyss:3)
  Kirke (Lair:4)
  A daeva (Abyss:3)
  2 orc warlords
  A cacodemon (Abyss:2)
  A draconian shifter (Abyss:3)
  6 very ugly things
  7 starcursed masses (Abyss:3)
  7 dire elephants (Abyss:3)
  A fire dragon (Lair:5)
  A salamander tyrant (Snake:3)
  A hydra (Lair:4)
  Fannar (D:11)
  Erica (D:8)
  2 centaur warriors (D:10)
  8 anacondas
  7 two-headed ogres
  3 death yaks (D:9)
  2 boulder beetles (D:10)
  A death knight (Abyss:3)
  13 naga warriors
  3 orc high priests (Orc:2)
  6 thrashing horrors (Abyss:3)
  5 shock serpents
  A hell knight (Volcano)
  2 sun demons
  19 naga sharpshooters
  Amaemon (Lair:2)
  Sonja (Orc:2)
  A fire crab (Lair:5)
  3 salamander mystics (Snake:4)
  4 wretched stars
  A spatial maelstrom (Abyss:3)
  2 sixfirhies
  3 orc knights (Orc:2)
  6 naga ritualists
  A swamp dragon (Lair:5)
  11 salamanders
  2 manticores
  5 orc sorcerers (Orc:2)
  An ugly thing (Abyss:2)
  14 mana vipers
  A cyclops (D:10)
  13 elephants
  A worldbinder (Abyss:3)
  11 guardian serpents
  33 black mambas
  2 molten gargoyles (Volcano)
  3 orange demons
  A gargoyle (D:10)
  4 smoke demons (Abyss:3)
  A torpor snail (Lair:1)
  26 naga magi
  10 cane toads
  Maggie (D:6)
  A kobold demonologist (D:11)
  2 rime drakes
  An unseen horror (D:11)
  13 komodo dragons
  A tengu conjurer (D:10)
  4 ancient zymes
  4 red devils (Volcano)
  A tyrant leech (Lair:1)
  4 trolls
  11 polar bears
  9 large abominations
  8 blink frogs (Lair:5)
  6 raiju
  A hornet (D:10)
  Prince Ribbit (D:8)
  10 dream sheep
  A slime creature (D:10)
  2 shadows (D:10)
  5 wyverns
  3 wraiths (D:10)
  33 yaks
  Eustachio (D:6)
  A water elemental (D:11)
  4 hogs (Lair:4)
  3 basilisks
  3 ynoxinuls
  A steam dragon (Lair:5)
  3 fire bats (Lair:3)
  3 golden eyes (Abyss:3)
  2 chaos spawn (Abyss:3)
  2 neqoxecs (Abyss:3)
  A swamp worm (Lair:1)
  Menkaure (D:7)
  5 wargs
  4 spatial vortices (Abyss:3)
  41 nagas
  15 water moccasins
  2 acid dragons
  18 hell hounds
  An ettin simulacrum (Abyss:3)
  A meliai simulacrum (D:10)
  3 swamp drakes (Lair:5)
  33 orc warriors
  An ice beast (D:5)
  13 black bears
  6 small abominations
  A boggart (D:10)
  7 ogres
  18 centaurs
  16 wolves
  3 kobold brigands
  9 bullfrogs
  A gnoll sergeant (D:10)
  A scorpion (D:5)
  2 necrophages
  11 wights
  12 killer bees
  2 howler monkeys
  4 electric eels
  2 lava snakes (Volcano)
  An iron imp (D:9)
  4 jellies
  A hound (D:5)
  29 orc priests
  A gnoll bouda (D:6)
  6 iguanas
  A hell rat (D:9)
  27 orc wizards
  15 gnolls
  6 adders
  A river rat (D:9)
  A shadow imp (D:8)
  2 white imps (Abyss:3)
  2 ufetubi
  A worm (D:2)
  4 dart slugs
  79 orcs
  5 bats
  6 endoplasms
  5 giant cockroaches
  8 hobgoblins
  7 jackals (D:2)
  25 kobolds
  6 quokkas
  7 ball pythons
  4 frilled lizards
  11 goblins
  8 rats
  A starspawn tentacle (Abyss:3)
923 creatures vanquished.

Vanquished Creatures (others)
  A black mamba (Snake:4)
  A naga (Snake:4)
  An iguana (Lair:5)
  16 fungi
  44 plants
  3 starspawn tentacles (Abyss:3)
66 creatures vanquished.

Grand Total: 989 creatures vanquished

Notes
Turn   | Place    | Note
-------+----------+-------------------------------------------
     0 | D:1      | Flugslaktarn the Minotaur Fighter began the quest for the
                  | Orb.
     0 | D:1      | Reached XP level 1. HP: 19/19 MP: 0/0
   426 | D:1      | Reached XP level 2. HP: 27/27 MP: 1/1
   811 | D:2      | You fall into a shaft and drop 1 floor!
   937 | D:3      | Reached XP level 3. HP: 30/33 MP: 2/2
  1322 | D:2      | Found a faded altar of an unknown god.
  1516 | D:2      | Reached XP level 4. HP: 40/40 MP: 3/3
  1517 | D:2      | Found a bloodstained altar of Trog.
  1695 | D:2      | Identified the +4 plate armour of the Gardener {+Inv rPois}
  2760 | D:4      | Found a staircase to the Ecumenical Temple.
  3079 | Temple   | Entered the Ecumenical Temple
  3148 | Temple   | Became a worshipper of Warmaster Okawaru
  3246 | D:5      | Entered Level 5 of the Dungeon
  3266 | D:5      | Found a shimmering blue altar of Sif Muna.
  3290 | D:5      | Reached XP level 5. HP: 46/47 MP: 4/4
  3400 | D:5      | Found an opulent altar of Gozag.
  3409 | D:5      | Reached skill level 1 in Invocations
  3516 | D:5      | Reached * piety under Okawaru
  3517 | D:5      | Reached skill level 5 in Axes
  3517 | D:5      | Reached XP level 6. HP: 55/55 MP: 5/5
  3709 | D:5      | Reached skill level 5 in Fighting
  3709 | D:5      | Reached skill level 5 in Shields
  3914 | D:5      | Reached skill level 5 in Armour
  4121 | D:5      | Noticed an ice beast
  4126 | D:5      | Killed an ice beast
  4127 | D:5      | Reached XP level 7. HP: 61/61 MP: 7/7
  4130 | D:5      | Reached ** piety under Okawaru
  4364 | D:6      | Noticed Eustachio
  4545 | D:6      | Killed Eustachio
  4546 | D:6      | Reached XP level 8. HP: 64/70 MP: 9/9
  4596 | D:6      | Found Geoluch's Armour Boutique.
  4603 | D:6      | Reached *** piety under Okawaru
  4713 | D:6      | Noticed Maggie
  4734 | D:6      | Killed Maggie
  5305 | D:7      | Noticed Menkaure
  5313 | D:7      | Killed Menkaure
  5314 | D:7      | Reached XP level 9. HP: 70/78 MP: 11/11
  5351 | D:7      | Found a transporter.
  5351 | D:7      | Found a transporter.
  5394 | D:7      | Reached **** piety under Okawaru
  5573 | D:7      | Found an ornate altar of the Wu Jian Council.
  5574 | D:7      | Found a broken altar of Ashenzari.
  5574 | D:7      | Found a basalt altar of Yredelemnul.
  5575 | D:7      | Found a shimmering altar of Xom.
  5741 | D:7      | Noticed a troll
  5838 | D:7      | Found a flagged portal.
  5845 | Bailey   | Entered a bailey
  5850 | Bailey   | Noticed an orc warlord
  5882 | Bailey   | Received a gift from Okawaru
  5940 | Bailey   | Found a runed translucent gate.
  5956 | Bailey   | Found a runed translucent gate.
  5958 | Bailey   | Found a runed translucent gate.
  6195 | Bailey   | Killed an orc warlord
  6196 | Bailey   | Reached skill level 10 in Axes
  6196 | Bailey   | Reached skill level 5 in Invocations
  6274 | Bailey   | Identified the +3 leather armour "Naf Xoap" {rN+ Will+
                  | Dex+2}
  6360 | D:7      | Reached XP level 10. HP: 88/88 MP: 13/13
  6776 | D:8      | Noticed Erica
  6787 | D:8      | Killed Erica
  6787 | D:8      | Reached ***** piety under Okawaru
  7041 | D:8      | Noticed Prince Ribbit
  7051 | D:8      | Killed Prince Ribbit
  7331 | D:9      | Noticed a two-headed ogre
  7345 | D:9      | Killed a two-headed ogre
  7382 | D:9      | Identified the +8 dagger of the Endless Bounties {heavy,
                  | rElec rC+++ Will+ Str-3}
  7496 | D:9      | Noticed a death yak
  7496 | D:9      | Noticed a death yak
  7496 | D:9      | Noticed a death yak
  7497 | D:9      | Found a staircase to the Lair.
  7697 | D:9      | Killed a death yak
  7703 | D:9      | Killed a death yak
  7770 | D:9      | Killed a death yak
  7770 | D:9      | Received a gift from Okawaru
  7771 | D:9      | Reached XP level 11. HP: 51/97 MP: 14/14
  7937 | D:9      | Found a snail-covered altar of Cheibriados.
  8140 | D:10     | Entered Level 10 of the Dungeon
  8251 | D:10     | Noticed a centaur warrior
  8260 | D:10     | Killed a centaur warrior
  8304 | D:10     | Noticed a boulder beetle
  8331 | D:10     | Killed a boulder beetle
  8332 | D:10     | Identified the +7 broad axe of the Hills {drain, Int+6}
  8421 | D:10     | Found an ornate altar of the Wu Jian Council.
  8421 | D:10     | Noticed a two-headed ogre
  8423 | D:10     | Noticed a two-headed ogre
  8431 | D:10     | Killed a two-headed ogre
  8433 | D:10     | Killed a two-headed ogre
  8433 | D:10     | Identified the +0 kite shield "Puig" {rC+++ Str+2 SInv
                  | Stlth-} (Okawaru gifted it to you on level 10 of the
                  | Dungeon)
  8433 | D:10     | Received a gift from Okawaru
  8436 | D:10     | Reached skill level 10 in Shields
  8475 | D:10     | Noticed a two-headed ogre
  8487 | D:10     | Killed a two-headed ogre
  8488 | D:10     | Reached skill level 10 in Fighting
  8488 | D:10     | Reached skill level 10 in Armour
  8585 | D:10     | Noticed a boulder beetle
  8603 | D:10     | Killed a boulder beetle
  8650 | D:10     | Noticed a two-headed ogre
  8657 | D:10     | Killed a two-headed ogre
  8658 | D:10     | Reached XP level 12. HP: 104/107 MP: 16/16
  8766 | D:10     | Noticed a two-headed ogre
  8778 | D:10     | Killed a two-headed ogre
  8917 | D:10     | Noticed a two-headed ogre
  8926 | D:10     | Killed a two-headed ogre
  9071 | D:10     | Noticed a centaur warrior
  9082 | D:10     | Killed a centaur warrior
  9950 | D:11     | Noticed Fannar
  9964 | D:11     | Killed Fannar
 10217 | D:11     | Found a staircase to the Orcish Mines.
 10281 | Lair:1   | Entered Level 1 of the Lair of Beasts
 10323 | Lair:1   | HP: 3/110 [komodo dragon (14)]
 10802 | Lair:1   | Identified the +2 pair of gloves of Jaodamp {Harm Regen+
                  | Str-5 Int+2}
 10905 | Lair:1   | Reached ****** piety under Okawaru
 10905 | Lair:1   | Received a gift from Okawaru
 11122 | Lair:1   | Reached skill level 15 in Axes
 11165 | Lair:1   | Identified the +0 hat of Ygoec {rPois rC+} (Okawaru gifted
                  | it to you on level 1 of the Lair of Beasts)
 11165 | Lair:1   | Received a gift from Okawaru
 11226 | Lair:1   | Found a blossoming altar of Fedhas.
 11872 | Lair:2   | Noticed Amaemon
 11888 | Lair:2   | Killed Amaemon
 11892 | Lair:2   | Reached XP level 13. HP: 116/116 MP: 18/18
 12256 | Lair:3   | Found a staircase to the Snake Pit.
 12273 | Lair:3   | Found a staircase to the Shoals.
 12691 | Lair:3   | Found a dark tunnel.
 12701 | Volcano  | Entered a volcano
 12833 | Volcano  | Found a radiant altar of Vehumet.
 13182 | Volcano  | Received a gift from Okawaru
 13277 | Lair:3   | Found a runed translucent door.
 13278 | Lair:3   | Noticed LowRida's ghost (journeyman VSCj)
 13546 | Lair:4   | Acquired the ring "Pedda" {rElec MP+9 Str+5}
 13631 | Lair:4   | Found a runed translucent gate.
 13631 | Lair:4   | Found a runed translucent gate.
 13631 | Lair:4   | Found a runed translucent gate.
 13642 | Lair:4   | Noticed Dirtsage's ghost (journeyman DsGl)
 13642 | Lair:4   | Noticed Okey's ghost (journeyman DDFi)
 13642 | Lair:4   | Noticed Wuzine's ghost (journeyman GrFE)
 14248 | Lair:4   | Noticed Kirke
 14259 | Lair:4   | Killed Kirke
 14522 | Lair:5   | Entered Level 5 of the Lair of Beasts
 14621 | Lair:5   | Reached XP level 14. HP: 127/127 MP: 19/19
 14788 | Lair:5   | Received a gift from Okawaru
 15334 | Lair:5   | Received a gift from Okawaru
 15400 | Lair:5   | Identified the +0 kite shield "Gealih" {Regen+ Str-2
                  | Stlth+}
 15792 | Orc:1    | Entered Level 1 of the Orcish Mines
 15934 | Orc:2    | Entered Level 2 of the Orcish Mines
 15996 | Orc:2    | Found a staircase to the Elven Halls.
 16051 | Orc:2    | Noticed Sonja
 16075 | Orc:2    | Killed Sonja
 16076 | Orc:2    | Reached skill level 1 in Evocations
 16379 | Orc:2    | Noticed an orc warlord
 16395 | Orc:2    | Killed an orc warlord
 16417 | Orc:2    | Identified the +2 spear of the Trees {drain, rPois rCorr
                  | Str-3 Int-4} (Okawaru gifted it to you on level 2 of the
                  | Orcish Mines)
 16417 | Orc:2    | Received a gift from Okawaru
 16424 | Orc:2    | Found Leufrenn's Antique Armour Shoppe.
 16434 | Orc:2    | Paralysed by an orc sorcerer for 4 turns
 16451 | Orc:2    | Found Alaipnic's Antique Weapon Emporium.
 16457 | Orc:2    | Found Lamyhas's General Store.
 16457 | Orc:2    | Found Ilireal's Jewellery Shoppe.
 16462 | Orc:2    | Bought a scroll of blinking for 127 gold pieces
 16804 | Orc:2    | Bought the ring of Xopnep {Drain rPois rF++ rC+ Str+6} for
                  | 661 gold pieces
 17056 | D:7      | Identified the +1 pair of boots of Mioxkyin {Harm *Slow
                  | Int+9 SInv}
 17254 | Orc:2    | Bought a pair of embroidered boots for 262 gold pieces
 17470 | Snake:1  | Entered Level 1 of the Snake Pit
 17484 | Snake:1  | Reached XP level 15. HP: 73/139 MP: 21/21
 17767 | Snake:1  | Found Zavaliaf's CLEARANCE SALE!.
 17909 | Snake:1  | Bought a potion of haste for 50 gold pieces
 18036 | Snake:1  | Received a gift from Okawaru
 18170 | Snake:1  | Reached skill level 10 in Invocations
 18394 | Snake:2  | Found the ring of Shadows {Umbra +Inv Stlth+}
 18593 | Snake:2  | Reached skill level 15 in Fighting
 18608 | Snake:2  | Reached skill level 15 in Shields
 18630 | Snake:2  | Reached skill level 15 in Armour
 18783 | Snake:2  | Found an iron altar of Okawaru.
 18883 | Snake:2  | Reached skill level 5 in Evocations
 19190 | Snake:2  | Identified the +8 broad axe "Peliosaxi" {spect, *Noise rC+
                  | Str+2 Dex+3} (Okawaru gifted it to you on level 2 of the
                  | Snake Pit)
 19190 | Snake:2  | Received a gift from Okawaru
 19779 | Snake:3  | Reached XP level 16. HP: 111/149 MP: 23/23
 19779 | Snake:3  | Found Ofionoy's Magic Scroll Shoppe.
 19785 | Snake:3  | Found Tiqaud's Weapon Emporium.
 19819 | Snake:3  | Identified the +3 broad axe "Zopawnuu" {pain, Int+2}
                  | (Okawaru gifted it to you on level 3 of the Snake Pit)
 19819 | Snake:3  | Received a gift from Okawaru
 19902 | Snake:3  | Bought a scroll of enchant armour for 105 gold pieces
 20724 | Snake:4  | Entered Level 4 of the Snake Pit
 20740 | Snake:4  | Identified the +2 robe of the Hanged Man {*Slow +Blink
                  | Will+ Stlth+} (Okawaru gifted it to you on level 4 of the
                  | Snake Pit)
 20740 | Snake:4  | Received a gift from Okawaru
 20811 | Snake:4  | Found Migenink's Armour Emporium.
 21035 | Snake:4  | Found Unuudime's Vocational Training.
 21168 | Abyss:1  | Cast into level 1 of the Abyss (salamander)
 21174 | Abyss:2  | Found a corrupted altar of Lugonu.
 21436 | Abyss:3  | Found a corrupted altar of Lugonu.
 21455 | Abyss:3  | Found a corrupted altar of Lugonu.
 21464 | Abyss:3  | Noticed a tentacled starspawn
 21470 | Abyss:3  | Killed a tentacled starspawn
 21637 | Abyss:3  | Found a corrupted altar of Lugonu.
 21761 | Abyss:3  | Paralysed by accursed screaming for 1 turns
 21785 | Abyss:3  | Found a corrupted altar of Lugonu.
 21848 | Abyss:3  | Reached XP level 17. HP: 66/161 MP: 24/24
 21882 | Abyss:3  | Received a gift from Okawaru
 21882 | Abyss:3  | Found the +2 pair of slick slippers {slick, slippery, EV+5}
 21975 | Abyss:3  | Found a corrupted altar of Lugonu.
 21975 | Abyss:3  | Noticed a hellephant
 21982 | Abyss:3  | Noticed a hellephant
 22001 | Abyss:3  | Killed a hellephant
 22005 | Abyss:3  | Got an abyssal rune of Zot
 22023 | Abyss:3  | Killed a hellephant
 22035 | Snake:4  | Escaped the Abyss
 22061 | Snake:4  | Slain by a naga warrior

Illustrated notes

Levels and vault maps discovered:
D:1:      matt_arrival_spirals, layout_basic, chequers_serial_rivers_micro_a
D:2:      wander_river, layout_basic, shapermc_ecumenical_altar_mp_highgroup,
          basic_altar
D:3:      layout_rooms, chequers_serial_rivers_marsh, grunt_decor_one_mirror
D:4:      layout_basic, minmay_temple_entry_drinking_statues,
          kennysheep_pointless_box, grunt_ministairs_5, serial_bayou_ford_a
D:5:      layout_basic, mainiacjoe_overflow_six_doors_small,
          nicolae_gozag_seed_capital, nicolae_zen_rock_garden, minmay_bent
D:6:      layout_rooms, ebering_dispersal_statue_hall, nicolae_stop_n_shop_1,
          uniq_maggie, uniq_eustachio
D:7:      gammafunk_beogh_shrine, layout_basic,
          chequers_temple_overflow_statue_of_worship, enter_bailey_3,
          kennysheep_nub, minmay_between, uniq_menkaure
D:8:      layout_loops_corners, uniq_prince_ribbit1, uniq_erica
D:9:      layout_rooms, slow_altar_1, dpeg_lair_monsters
D:10:     minmay_the_grid_octo_tiled_octocenter
          [minmay_the_grid_octo_vomiting_pacman, minmay_the_grid_octo_77,
          minmay_the_grid_octo_checkerflower, minmay_the_grid_octo_teeth,
          minmay_the_grid_octo_prize_ultimate_mussel_roller,
          minmay_the_grid_square_5x5_minibox,
          minmay_the_grid_square_5x5_gyroscope, minmay_the_grid_square_5x5_comb,
          minmay_the_grid_square_5x5_trominoes], layout_irregular_city,
          nicolae_wwwww
D:11:     layout_roguey, erik_orc_2, uniq_fannar
Temple:   eino_wide_crystal_templ
Lair:1:   layout_long_grid, hangedman_tree_tricks,
          nicolae_quartered_pool_impasse, worms_lemuel
Lair:2:   layout_chaotic_city, uniq_amaemon
Lair:3:   layout_chaotic_city, minmay_shoals_entry_centaurs, dummy_snake_entry,
          gammafunk_ghost_grave, nicolae_volcano_entry_batcave,
          eino_small_chamber_without_monster
Lair:4:   layout_hall_layers, minmay_slime_entry_oklob_enclosed,
          gammafunk_ghost_cemetery, serial_bayou_shore_a, uniq_kirke
Lair:5:   guppyfry_lair_end_dragon, layout_loops_ring,
          hangedman_lair_caniforms_friends, nicolae_lair_lil_pond,
          infiniplex_staircase_pool_2
Snake:1:  layout_onion, nicolae_shop_clearance
Snake:2:  layout_cave_town, basic_altar
Snake:3:  layout_basic, st_stairs_13, serial_bayou_shore_b, minmay_shoptagon,
          grunt_megastairs_5
Snake:4:  snake_pit_salamanders_mu, layout_misc_corridors, serial_shops, shop,
          nicolae_shop_vocational
Orc:1:    layout_caves
Orc:2:    st_orc_congregation, layout_caves, uniq_sonja

Skill      XL: |  1  2  3  4  5  6  7  8  9 10 11 12 13 14 15 16 17 |
---------------+----------------------------------------------------+-----
Axes           | 3 4 5 7 8 10 12 13 15 17 18 | 18.0
Shields        | 4 5 6 7 9 10 11 12 14 15 17 18 | 18.0
Fighting       | 4 5 6 8 9 10 11 12 14 15 17 18 | 18.0
Armour         | 4 5 6 7 9 10 11 12 14 15 17 18 | 18.0
Invocations    | 1 2 3 4 5 6 7 8 9 11 | 11.0
Evocations     | 3 5 6 |  6.0

Action                     |  1- 3 |  4- 6 |  7- 9 | 10-12 | 13-15 | 16-18 || total
---------------------------+-------+-------+-------+-------+-------+-------++-------
  Melee: War axe           |    93 |    87 |   223 |       |       |       ||   403
         Headbutt          |     8 |    15 |    46 |   109 |   246 |   135 ||   559
         Broad axe         |       |       |     2 |   470 |  1116 |   545 ||  2133
 Invoke: Heroism           |       |       |     1 |     6 |    12 |     6 ||    25
         Finesse           |       |       |     1 |       |     4 |     3 ||     8
  Evoke: Wand              |       |       |       |       |     3 |       ||     3
    Use: Scroll            |       |    11 |     4 |     7 |    10 |     2 ||    34
         Potion            |       |     1 |     2 |       |     6 |     5 ||    14
   Stab: Distracted        |       |       |       |       |       |     3 ||     3
 Armour: Scale mail        |    56 |    18 |       |       |       |       ||    74
         Plate armour      |       |    42 |   120 |   239 |   584 |   264 ||  1249
  Dodge: Dodged            |    45 |    50 |   111 |   225 |   461 |   142 ||  1034
  Block: Buckler           |    29 |    30 |    54 |    58 |       |       ||   171
         Kite shield       |       |       |       |   173 |   677 |   288 ||  1138

Table legend: (Time is in decaauts)
 A = Elapsed time spent in this place.
 B = Non-inter-level travel time spent in this place.
 C = Inter-level travel time spent in this place.
 D = Time resting spent in this place.
 E = Time spent auto-exploring this place.
 F = Levels seen in this place.
 G = Mean time per level.
                   A        B        C        D        E       F      G
               +--------+--------+--------+--------+--------+-----+--------+
         Total |  21858 |  20111 |   1747 |   1357 |  14234 |  28 |  780.6 |
       Dungeon |  10486 |   9563 |    923 |    800 |   7068 |  11 |  953.3 |
        Temple |     89 |     53 |     36 |      0 |     40 |   1 |   89.0 |
          Lair |   4849 |   4495 |    354 |    132 |   3354 |   5 |  969.8 |
     Snake Pit |   3563 |   3433 |    130 |    127 |   2520 |   4 |  890.8 |
  Orcish Mines |   1178 |    876 |    302 |      0 |    582 |   2 |  589.0 |
         Abyss |    765 |    765 |      0 |     46 |    287 |   3 |  255.0 |
        Bailey |    426 |    426 |      0 |     54 |    241 |   1 |  426.0 |
       Volcano |    498 |    498 |      0 |    198 |    141 |   1 |  498.0 |
               +--------+--------+--------+--------+--------+-----+--------+

Top non-repeatable levels by time:
    D:10: 1391 daAuts
     D:5: 1269 daAuts
  Lair:1: 1193 daAuts
     D:4: 1181 daAuts
 Snake:3: 1159 daAuts
     D:8: 1106 daAuts
 Snake:2: 1060 daAuts
  Lair:5: 1058 daAuts
   Orc:2: 1030 daAuts
  Lair:4: 1026 daAuts
    D:11: 963 daAuts
     D:7: 937 daAuts
 Snake:1: 917 daAuts
     D:9: 871 daAuts
     D:2: 830 daAuts
